 Dungeon Crawl Stone Soup version 0.28.0-53-g5a82cb258f (webtiles) character file.

Game seed: 15822684333578322206

744 MiltankisOP the Changer (level 7, -6/57 HPs)
             Began as a Naga Transmuter on July 9, 2022.
             Killed by nerve-wracking pain
             ... invoked by Grinder
              (9 damage)
             ... on level 4 of the Dungeon.
             The game lasted 00:09:54 (4937 turns).

MiltankisOP the Changer (Naga Transmuter)           Turns: 4937, Time: 00:09:55

Health: -6/57      AC:  4    Str: 12    XL:     7   Next: 76%
Magic:  10/10      EV: 14    Int: 16    God:
Gold:   97         SH:  0    Dex: 11    Spells: 9/10 levels left

rFire   . . .      SeeInvis +     - Unarmed
rCold   . . .      Faith    .   (no shield)
rNeg    . . .      Spirit   .   a - +0 robe
rPois   +          Reflect  .   (helmet currently unavailable)
rElec   .          Harm     .   (no cloak)
rCorr   .          Rampage  .   m - +0 pair of gloves
Will    .....                   (no barding)
Stlth   +.........              (no amulet)
HPRegen 0.19/turn               b - +4 ring of evasion
MPRegen 0.12/turn               (no ring)

@: appendages (expiring), very slow
A: horns 2, AC +2, large, see invisible, deformed body, poison resistance,
slowness 2, spit poison 1, naga tail 1
a: Spit Poison, End Transformation


You were on level 4 of the Dungeon.
You had temporarily grown beastly horns.
You visited 1 branch of the dungeon, and saw 4 of its levels.

You collected 97 gold pieces.

Inventory:

Armour
 a - a +0 robe (worn)
 m - a +0 pair of gloves (worn)
Jewellery
 b - a +4 ring of evasion (left hand)
Wands
 g - a wand of flame (10)
Scrolls
 c - 2 scrolls of enchant armour {unknown}
 d - 3 scrolls of immolation {unknown}
 e - 6 scrolls of identify {unknown}
 i - a scroll of torment {unknown}
 j - a scroll of fear {unknown}
 k - a scroll of silence {unknown}
 l - a scroll of magic mapping {unknown}
Potions
 f - 2 potions of might {unknown}
 h - a potion of magic {unknown}


   Skills:
 - Level 1.0 Fighting
 - Level 3.2 Dodging
 - Level 4.0 Unarmed Combat
 - Level 2.0 Spellcasting
 + Level 7.3 Transmutations


You had 9 spell levels left.
You knew the following spells:

 Your Spells              Type           Power      Damage    Failure   Level
a - Beastly Appendage     Tmut           50%        N/A       1%          1

Your spell library contained the following spells:

 Spells                   Type           Power      Damage    Failure   Level
 Wereblood                Tmut           25%        N/A       1%          2
 Spider Form              Tmut/Pois      13%        N/A       14%         3
 Static Discharge         Conj/Air       1%         N/A       30%         2
 Ice Form                 Ice/Tmut       13%        N/A       43%         4
 Lightning Bolt           Conj/Air       0%         1d11      99%         5
 Maxwell's Capacitive Co  Air            0%         ∞         100%        8


Dungeon Overview and Level Annotations

Branches:
Dungeon (4/15)
 Temple: D:4-7

Altars:
Yredelemnul

Annotations:
D:4 Grinder


Innate Abilities, Weirdness & Mutations

You have temporarily grown beastly horns.
Your serpentine skin is tough. (AC +2)
You have supernaturally acute eyesight. (SInv)
Armour fits poorly on your strangely shaped body.
Your system is resistant to poisons. (rPois)
You cover ground very slowly.
You can spit poison.
You have a snake-like lower body.


Message History

You barely miss Grinder.
Grinder is heavily wounded.
Grinder closely misses you.
You barely miss Grinder.
Grinder is heavily wounded.
Your transformation is almost over.
Grinder gestures at you. You resist with significant effort.
You hit Grinder.
Grinder is heavily wounded.
Grinder gestures at you. Pain shoots through your body!
You hit Grinder but do no damage.
Grinder is heavily wounded.
Grinder hits you!
You writhe in agony.
* * * LOW HITPOINT WARNING * * *
You barely miss Grinder.
Grinder is heavily wounded.
Grinder gestures at you. Pain shoots through your body!
* * * LOW HITPOINT WARNING * * *
Aiming: Throw Flame
Press: ? - help, Q - select action, (/) - cycle Shift-Dir - straight line, f - Grinder
Aim: Grinder (heavily wounded, 64% to hit)
The puff of flame misses Grinder.
Grinder barely misses you.
Aiming: Throw Flame
Press: ? - help, Q - select action, (/) - cycle Shift-Dir - straight line, f/p - Grinder
Aim: Grinder (heavily wounded, 64% to hit)
The puff of flame hits Grinder.
Grinder is heavily wounded.
Grinder hits you but does no damage.
Aiming: Throw Flame
Press: ? - help, Q - select action, (/) - cycle Shift-Dir - straight line, f/p - Grinder
Aim: Grinder (heavily wounded, 64% to hit)
The puff of flame hits Grinder!
Grinder is almost dead.
Grinder gestures at you. Pain shoots through your body!
You die...

#.).........###.# .#
#.>..........##<# #.#
..#......#...#..#####..#
.###..#...............#
...........##........#
.....#.....###.......#
.....................#
.....###..###.....†..###
.....####..
#..5@......#. ##.....
.......##........
.......
................#
.......
...............##
K..5...
.....#......##...
5...... .............
..# .###...
.....$........ .# .. .
............. .##
...#..........


You could see Grinder.

Vanquished Creatures
  Pikel (D:4)
  A necrophage (D:4)
  3 lemures
  A bullfrog zombie (D:3)
  An iguana (D:3)
  A hound skeleton (D:4)
  An adder (D:3)
  2 worms (D:1)
  6 dart slugs
  3 orcs (D:3)
  3 bats
  8 endoplasms
  7 giant cockroaches (D:1)
  5 goblins
  11 hobgoblins
  6 jackals (D:1)
  3 kobolds
  3 quokkas
  9 ball pythons
  2 frilled lizards (D:1)
  10 rats
87 creatures vanquished.

Notes
Turn   | Place    | Note
-------+----------+-------------------------------------------
     0 | D:1      | MiltankisOP the Naga Transmuter began the quest for the
                  | Orb.
     0 | D:1      | Reached XP level 1. HP: 18/18 MP: 3/3
     1 | D:1      | Found a runed translucent door.
   255 | D:1      | Reached XP level 2. HP: 2/25 MP: 5/5
  1491 | D:1      | Reached XP level 3. HP: 29/31 MP: 4/6
  2384 | D:2      | Reached XP level 4. HP: 35/38 MP: 5/7
  2491 | D:2      | Found a basalt altar of Yredelemnul.
  3561 | D:3      | Reached XP level 5. HP: 40/44 MP: 8/8
  3807 | D:3      | Reached skill level 3 in Transmutations
  3970 | D:4      | Noticed Pikel
  3970 | D:4      | Noticed a lemure
  3970 | D:4      | Noticed a lemure
  3970 | D:4      | Noticed a lemure
  3970 | D:4      | Noticed a lemure
  3989 | D:3      | Killed a lemure
  4534 | D:4      | Noticed a necrophage
  4563 | D:4      | Killed a lemure
  4567 | D:4      | Killed a necrophage
  4568 | D:4      | Reached skill level 4 in Transmutations
  4568 | D:4      | Reached XP level 6. HP: 6/51 MP: 9/9
  4683 | D:4      | Killed Pikel
  4684 | D:4      | Reached skill level 7 in Transmutations
  4684 | D:4      | Reached XP level 7. HP: 31/57 MP: 10/10
  4910 | D:4      | Noticed Grinder
  4911 | D:4      | Paralysed by Grinder for 7 turns
  4937 | D:4      | Killed from afar by Grinder

Illustrated notes

Levels and vault maps discovered:
D:1:      dpeg_arrival_caged_fury, layout_basic, amcnicky_mini_corridor_feature,
          minivault_25, minmay_misc_feat_hallway,
          chequers_serial_rivers_micro_b, minmay_octomino_e4
D:2:      layout_rooms, basic_altar
D:3:      layout_basic
D:4:      layout_rooms, portal_sewer_entry_e, minmay_misc_feat_columns,
          uniq_pikel, uniq_grinder

Skill      XL: |  1  2  3  4  5  6 |
---------------+-------------------+-----
Dodging        | 2 3 |  3.2
Unarmed Combat | 4 |  4.0
Transmutations | 4 7 |  7.3
Fighting       | |  1.0
Spellcasting   | |  2.0

Action                   |  1- 3 |  4- 6 |  7- 9 || total
-------------------------+-------+-------+-------++-------
Melee: Unarmed           |   137 |   157 |    25 ||   319
       Headbutt          |    19 |    34 |     4 ||    57
       Punch             |     3 |     9 |     1 ||    13
 Cast: Beastly Appendage |    26 |    27 |     3 ||    56
 Abil: Spit Poison       |       |     3 |       ||     3
Evoke: Wand              |       |       |     3 ||     3
  Use: Potion            |       |     2 |       ||     2
 Stab: Sleeping          |     1 |     1 |       ||     2
Armor: Robe              |    20 |    17 |     2 ||    39
       Skin              |       |    19 |       ||    19
Dodge: Dodged            |    97 |   107 |    13 ||   217
